 Dungeon Crawl Stone Soup version 0.32-a0-814-g0968bab981 (webtiles) character file.

Game seed: 11772494118641062244

471 jasper the Conjurer (level 6, 0/61 (67) HPs)
             Began as a Draconian Conjurer on Mar 22, 2024.
             Was a Believer of Sif Muna.
             Slain by a wight
             ... wielding a +0 long sword
              (5 damage)
             ... on level 6 of the Dungeon.
             The game lasted 00:05:40 (5297 turns).

jasper the Conjurer (Draconian Conjurer)            Turns: 5297, Time: 00:05:41

HP:   0/61 (67)     AC: 23    Str:  9    XL:     6   Next: 83%
MP:   9/9           EV:  2    Int: 21    God:    Sif Muna [**....]
Gold: 413           SH:  0    Dex:  9    Spells: 2/9 levels left

rFire   . . .        (no weapon)
rCold   + . .        (no shield)
rNeg    . . .        (body armour unavailable)
rPois   +            (helmet currently unavailable)
rElec   .            s - melded +2 cloak
rCorr   .            (gloves currently unavailable)
SInv    .            (boots currently unavailable)
Will    .....        (no amulet)
Stlth   ++           r - ring of protection from cold
HPRegen 0.30/turn    (no ring)
MPRegen 0.11/turn

%: no passive effects
@: tree-form, drained
A: stationary, stasis, torment immunity, boosted hp, AC +6, unfitting armour,
(cold-blooded)
a: Renounce Religion, Channel Magic


You were on level 6 of the Dungeon.
You worshipped Sif Muna.
Sif Muna was pleased with you.
You were a tree.
You visited 1 branch of the dungeon, and saw 6 of its levels.

You collected 413 gold pieces.

Inventory:

Hand Weapons
 c - a +0 dagger
 o - a +0 quarterstaff
Missiles
 n - 5 boomerangs
Armour
 h - a scarf of shadows
 s - a +2 cloak (melded)
Jewellery
 r - a ring of protection from cold (left branch)
Wands
 q - a wand of flame (25)
Scrolls
 e - 2 scrolls of identify
 k - 2 scrolls of noise
 l - a scroll of blinking {unknown}
 m - a scroll of acquirement {unknown}
 u - a scroll of fear
 w - a scroll of teleportation
Potions
 d - a potion of attraction {unknown}
 f - a potion of berserk rage {unknown}
 g - 2 potions of degeneration {unknown}
 i - a potion of invisibility {unknown}
 j - 2 potions of haste {unknown}
 p - 2 potions of curing {unknown}
 t - a potion of resistance {unknown}
 v - 3 potions of might {unknown}


   Skills:
 - Level 1.7 Dodging
 - Level 1.7 Stealth
 - Level 2.0 Spellcasting
 + Level 7.1 Conjurations
 - Level 4.0 Alchemy


You had 2 spell levels left.
You knew the following spells:

 Your Spells              Type           Power      Damage    Failure   Level
a - Magic Dart            Conj           100%       1d8       1%          1
b - Searing Ray           Conj           64%        2d6       1%          2
c - Fulminant Prism       Conj/Alch      12%        3d9       16%         4

Your spell library contained the following spells:

 Spells                   Type           Power      Damage    Failure   Level
 Sandblast                Erth           4%         2d4       14%         1
 Stone Arrow              Conj/Erth      34%        3d9       11%         3
 Brom's Barrelling Bould  Conj/Erth      17%        2d4       34%         4
 Iskenderun's Mystic Bla  Conj/Tloc      17%        2d5       34%         4


Dungeon Overview and Level Annotations

Branches:
Dungeon (6/15)             Temple (0/1) D:5

Altars:
Dithmenos
Sif Muna
Uskayaw
Wu Jian

Shops:
D:4 *   D:5 (


Innate Abilities, Weirdness & Mutations

You are a tree.
Your roots penetrate the ground, keeping you stationary.
You cannot be teleported.
You are immune to unholy pain and torment.
Your maximum health is greatly increased.
Your equipment is partially melded.
((Your plain brown scales are hard. (AC +6)))
You cannot fit into any form of body armour.
((You are cold-blooded and may be slowed by cold attacks.))


Message History

You closely miss the wight.
The wight is almost destroyed.
The wight hits you with a +4 spear.
You feel drained.
You take 3 damage, and have 27/40 hp.
You hit the wight but do no damage.
The wight is almost destroyed.
The wight hits you with a +4 spear!
You feel drained.
You take 13 damage, and have 14/38 hp.
MASSIVE DAMAGE!!
You closely miss the wight.
The wight is almost destroyed.
The wight hits you with a +4 spear!
* * * LOW HITPOINT WARNING * * *
The wight misses you.
You take 13 damage, and have 1/38 hp.
MASSIVE DAMAGE!!
Okay, then.
You turn into a tree.
Your +2 cloak melds into your body.
Your roots penetrate the ground.
The wight hits you but does no damage.
You now have 3/57 hp.
You are now empty-handed.
You barely miss the wight.
The wight is almost destroyed.
The wight completely misses you.
You barely miss the wight.
The wight is almost destroyed.
The wight hits you but does no damage.
You smack the wight!
You destroy the wight!
Sif Muna accepts your kill.
Training target 4.0 for Alchemy reached!
Your Conjurations skill increases to level 7!
Your Alchemy skill increases to level 4!
You start resting.
A wight comes into view. It is wielding a +0 long sword.
Magic courses through your body.
MP restored: 9 You hit the wight but do no damage.
The wight hits you but does no damage.
You hit the wight.
The wight is lightly damaged.
The wight hits you with a +0 long sword.
You die...

..# #. #.# #. #.# #. #.#
#. #.# #. #.# # #.
#.##############
....##.##...............
.......♣z>#############.
######)##.# #. #. #.# #.
.! #.# #. ### #^# #. ..#
#. #.# #. .# #. #.


You could see a wight.

Vanquished Creatures
  An ogre (D:5)
  A scorpion (D:5)
  2 wights (D:6)
  A howler monkey (D:6)
  A jelly (D:5)
  A hound (D:5)
  4 adders
  A shadow imp (D:5)
  3 dart slugs
  4 ribbon worms
  7 orcs
  3 endoplasms
  3 giant cockroaches
  3 goblins
  7 hobgoblins
  3 jackals (D:4)
  4 quokkas
  6 ball pythons
  7 bats
  A frilled lizard (D:3)
  5 kobolds
  3 rats
71 creatures vanquished.

Vanquished Creatures (others)
  A fulminant prism (D:4)
1 creature vanquished.

Grand Total: 72 creatures vanquished

Notes
Turn   | Place    | Note
-------+----------+-------------------------------------------
     0 | D:1      | jasper the Draconian Conjurer began the quest for the Orb.
     0 | D:1      | Reached XP level 1. HP: 14/14 MP: 3/3
   298 | D:1      | Reached XP level 2. HP: 16/20 MP: 1/5
   301 | D:1      | Learned a level 2 spell: Searing Ray
   745 | D:1      | Found a faded altar of an unknown god.
   920 | D:1      | Prayed at the altar of an unknown god.
   920 | D:1      | Became a worshipper of Sif Muna the Loreminder
   920 | D:1      | Reached * piety under Sif Muna
  1078 | D:2      | Found an ornate altar of the Wu Jian Council.
  1216 | D:2      | Reached skill level 5 in Conjurations
  1216 | D:2      | Reached XP level 3. HP: 26/26 MP: 1/6
  2266 | D:3      | Noticed a +0 short sword
  2267 | D:3      | Noticed a +0 spear
  2268 | D:3      | Noticed a +0 short sword
  2269 | D:3      | Noticed a +0 dagger
  2269 | D:3      | Noticed a +0 falchion
  2269 | D:3      | Noticed a +0 dagger
  2270 | D:3      | Noticed a +0 falchion
  2270 | D:3      | Noticed a +0 spear
  2271 | D:3      | Found a hide-covered altar of Uskayaw.
  2301 | D:3      | Reached XP level 4. HP: 33/33 MP: 4/7
  2306 | D:3      | Learned a level 4 spell: Fulminant Prism
  3211 | D:4      | Found a shadowy altar of Dithmenos.
  3241 | D:4      | Reached ** piety under Sif Muna
  3355 | D:4      | Reached skill level 1 in Alchemy
  3734 | D:4      | Found Cuonatzy's Neck Hole.
  3951 | D:4      | Noticed a steam dragon
  4085 | D:5      | Entered Level 5 of the Dungeon
  4169 | D:5      | Noticed a scorpion
  4174 | D:5      | Killed a scorpion
  4175 | D:5      | Reached skill level 6 in Conjurations
  4175 | D:5      | Reached XP level 5. HP: 38/38 MP: 0/8
  4312 | D:5      | Noticed an ogre
  4317 | D:5      | Killed an ogre
  4318 | D:5      | Reached XP level 6. HP: 45/45 MP: 2/9
  4377 | D:5      | Found a staircase to the Ecumenical Temple.
  4577 | D:5      | Found Wiocia's Antique Weapon Emporium.
  5287 | D:6      | HP: 1/38 [wight/+4 spear (13)]
  5293 | D:6      | Reached skill level 7 in Conjurations
  5297 | D:6      | Slain by a wight

Illustrated notes

Levels and vault maps discovered:
D:1:      saegor_arrival_simple_c, layout_rooms,
          dreamdust_ecumenical_altar_grove, kennysheep_decorative_pillar,
          grunt_decor_clamped, st_stairs_13
D:2:      layout_loops_ring, basic_altar, minmay_box_of_dots
D:3:      layout_loops_corners, nicolae_uskayaw_en_pointe, st_stairs_10
D:4:      cheibrodos_helix_gallery, layout_gridville,
          nicolae_dithmenos_the_darkroom, corexii_mini_fake_secret_closet,
          st_stairs_12, nicolae_shop_sticking_my_neck_out
D:5:      layout_loops_ring, minmay_temple_entry_gardened_gates, serial_shops,
          shop, dreamdust_mushroom_princess, chequers_decorated_corner
D:6:      layout_basic, mainiacjoe_overflow_concentric_impassable,
          nicolae_ru_great_annihilating_truth, pdpol_wu_jian_five_deadly_venoms

Skill      XL: |  1  2  3  4  5  6 |
---------------+-------------------+-----
Conjurations   | 5 6 7 |  7.1
Alchemy        | 2 3 4 |  4.0
Dodging        | |  1.7
Stealth        | |  1.7
Spellcasting   | |  2.0

Action                     |  1- 3 |  4- 6 || total
---------------------------+-------+-------++-------
  Melee: Dagger            |     5 |       ||     5
         Tailslap          |     2 |     1 ||     3
         Quarterstaff      |     4 |     8 ||    12
         Unarmed           |       |     5 ||     5
   Cast: Magic Dart        |    53 |    49 ||   102
         Searing Ray       |     6 |    14 ||    20
         Fulminant Prism   |       |     1 ||     1
    Use: Scroll            |       |    10 ||    10
         Potion            |       |     2 ||     2
 Armour: Skin              |     9 |    20 ||    29
  Dodge: Dodged            |     8 |    15 ||    23

Table legend: (Time is in decaauts)
 A = Elapsed time spent in this place.
 B = Non-inter-level travel time spent in this place.
 C = Inter-level travel time spent in this place.
 D = Time resting spent in this place.
 E = Time spent auto-exploring this place.
 F = Levels seen in this place.
 G = Mean time per level.
                   A        B        C        D        E       F      G
               +--------+--------+--------+--------+--------+-----+--------+
         Total |   5300 |   5118 |    182 |    294 |   4339 |   6 |  883.3 |
       Dungeon |   5300 |   5118 |    182 |    294 |   4339 |   6 |  883.3 |
               +--------+--------+--------+--------+--------+-----+--------+

Top non-repeatable levels by time:
     D:3: 1169 daAuts
     D:4: 1091 daAuts
     D:5: 1029 daAuts
     D:1: 947 daAuts
     D:2: 879 daAuts
     D:6: 182 daAuts
